 Dungeon Crawl Stone Soup version 0.25-a0-822-g6581751 (webtiles) character file.

Game seed: 10800930777809243165, levelgen mode: deterministic

218 BlueFish the Chucker (level 5, -5/49 HPs)
             Began as a Troll Hunter on Apr 21, 2020.
             Slain by a gnoll (7 damage)
             ... on level 3 of the Dungeon.
             The game lasted 00:06:29 (2024 turns).

BlueFish the Chucker (Troll Hunter)                 Turns: 2024, Time: 00:06:29

Health: -5/49      AC:  7    Str: 20    XL:     5   Next: 63%
Magic:  4/4        EV:  5    Int:  7    God:
Gold:   122        SH:  0    Dex: 11    Spells: 4/4 levels left

rFire    . . .     SeeInvis .     - Unarmed
rCold    . . .     Gourm    +   (no shield)
rNeg     . . .     Faith    .   b - +1 robe
rPois    .         Spirit   .   (helmet restricted)
rElec    .         Reflect  .   (no cloak)
rCorr    .         Harm     .   (gloves unavailable)
MR       +....                  (boots unavailable)
Stlth    +.........             (no amulet)
HPRegen  0.56/turn              e - ring of protection from magic
MPRegen  0.09/turn              (no ring)

@: mighty, held
A: large, unfitting armour, claws 3, fast metabolism 3, gourmand, regeneration
1, shaggy fur 1, tough skin 3
a: no special abilities


You were on level 3 of the Dungeon.
You were completely stuffed.

You visited 1 branch of the dungeon, and saw 3 of its levels.

You collected 122 gold pieces.

Inventory:

Missiles
 c - 5 large rocks (quivered)
 d - 2 throwing nets
Armour
 b - a +1 robe (worn)
Jewellery
 e - a ring of protection from magic (left claw)
Scrolls
 g - a scroll of enchant armour
Potions
 a - a potion of magic
 h - 2 potions of cancellation
 i - 2 potions of curing
 k - a potion of resistance
 n - a potion of flight
 o - a potion of ambrosia {unknown}
 s - a potion of stabbing {unknown}
Comestibles
 f - 8 rations
 j - 17 chunks of flesh


   Skills:
 * Level 2.1 Fighting
 * Level 4.7 Throwing
 * Level 2.4 Dodging
 + Level 0.6 Stealth
 * Level 3.1 Unarmed Combat


You had 4 spell levels left.
You didn't know any spells.
Your spell library was empty.

Dungeon Overview and Level Annotations

Branches:
Dungeon (3/15)

Altars:
Dithmenos
Qazlal

Annotations:
D:3 Ijyb, Natasha


Innate Abilities, Weirdness & Mutations

You are too large for most types of armour.
You have claws for hands.
Your metabolism is lightning-fast.
You like to eat raw meat.
Your natural rate of healing is unusually fast.
You are covered in fur. (AC +1)
You have extremely tough skin. (AC +3)


Message History

The gnoll is moderately wounded.
Ijyb misses you. The gnoll hits you but does no damage.
You barely miss the gnoll.
The gnoll is moderately wounded.
The gnoll barely misses you. Ijyb hits you with a +0 club.
* * * LOW HITPOINT WARNING * * *
You claw the gnoll!
You kill the gnoll!
Ijyb barely misses you.
The gnoll throws a throwing net.
The throwing net hits you.
You become entangled in the net!
You struggle against the net.
Ijyb hits you with a +0 club.
* * * LOW HITPOINT WARNING * * *
You struggle against the net.
Ijyb hits you but does no damage.
You struggle against the net.
The gnoll hits you.
* * * LOW HITPOINT WARNING * * *
You feel very mighty all of a sudden. Ijyb hits you with a +0 club.
* * * LOW HITPOINT WARNING * * *
The gnoll hits you!
You die...

###+#.##......
###............# ######
#..............# #....
#......gg......# #...
#.....#g######## #..#
#.....#.# #..## . #.....#.##
##...##....
#........#########..).....(.
#..........†.g@gS...##§.....
#.........########.## ..._.
#..............# #..# ....
#..............# #.... ...
###............#####..# ..
#............... .## .
#............####..#
#................. .
#........÷÷..##


You could see Ijyb, a gnoll and an adder.

Vanquished Creatures
  Natasha (twice) (D:3)
  3 gnolls (D:3)
  4 adders
  An ooze (D:3)
  2 worms
  6 dart slugs
  3 bats
  3 giant cockroaches
  13 goblins
  8 hobgoblins
  12 jackals
  6 kobolds
  A quokka (D:2)
  4 ball pythons
  4 frilled lizards
  10 rats
82 creatures vanquished.

Notes
Turn   | Place    | Note
-------+----------+-------------------------------------------
     0 | D:1      | BlueFish the Troll Hunter began the quest for the Orb.
     0 | D:1      | Reached XP level 1. HP: 19/19 MP: 0/0
   224 | D:1      | Reached skill level 4 in Throwing
   224 | D:1      | Reached XP level 2. HP: 27/27 MP: 1/1
   652 | D:1      | Reached XP level 3. HP: 33/33 MP: 2/2
   865 | D:2      | Found a stormy altar of Qazlal.
   920 | D:2      | Reached skill level 1 in Unarmed Combat
  1150 | D:2      | Reached XP level 4. HP: 42/42 MP: 3/3
  1835 | D:3      | Noticed Natasha
  1845 | D:3      | Killed Natasha
  1849 | D:3      | Reached XP level 5. HP: 22/49 MP: 4/4
  1928 | D:3      | Noticed Natasha
  1936 | D:3      | Killed Natasha
  1970 | D:3      | Found a shadowy altar of Dithmenos.
  2005 | D:3      | Noticed Ijyb
  2011 | D:3      | Noticed Natasha
  2012 | D:3      | Paralysed by Ijyb for 4 turns
  2024 | D:3      | HP: 2/49 [Ijyb/+0 club (4)]
  2024 | D:3      | Slain by a gnoll

Levels and vault maps discovered:
D:1:      dpeg_cavernosity, layout_basic, minmay_lizard_pond
D:2:      layout_basic, nicolae_qazlal_general_emergency, first_ration
D:3:      layout_basic, lemuel_round_altar, minivault_4,
          nicolae_dithmenos_shadow_blocks, uniq_natasha, uniq_ijyb

Skill      XL: |  1  2  3  4  5 |
---------------+----------------+-----
Throwing       | 4 |  4.7
Unarmed Combat | 1 2 3 |  3.1
Dodging        | 2 |  2.4
Fighting       | 2 |  2.1
Stealth        | |  0.6

Action                   |  1- 3 |  4- 6 || total
-------------------------+-------+-------++-------
Melee: Unarmed           |   130 |   110 ||   240
       Punch             |       |     3 ||     3
  Use: Scroll            |     4 |     7 ||    11
       Potion            |       |     1 ||     1
 Stab: Sleeping          |     1 |     2 ||     3
       Distracted        |       |     1 ||     1
  Eat: Chunk             |    16 |     8 ||    24
Armor: Robe              |    54 |    71 ||   125
Dodge: Dodged            |    67 |    77 ||   144

Table legend:
 A = Non-vault XP
 B = Vault XP
 C = Vault XP percentage of total XP
 D = Non-vault monster count
 E = Vault monster count
 F = Vault count percentage of total count
                 A         B        C        D         E       F
            +---------+---------+-------+---------+---------+-------
      Total |     267 |      45 |  14.4 |      75 |       7 |   8.5
            +---------+---------+-------+---------+---------+-------
        D:1 |      34 |      10 |  22.7 |      19 |       6 |  24.0
        D:2 |      90 |       0 |   0.0 |      28 |       0 |   0.0
        D:3 |     143 |      35 |  19.7 |      28 |       1 |   3.4
            +---------+---------+-------+---------+---------+-------
